 Dungeon Crawl Stone Soup version 0.25.1-2-g60ff931df9 (webtiles) character file.

Game seed: 17107298421879292683

2191 funkygono the Destroyer (level 9, -1/47 HPs)
             Began as a Deep Elf Conjurer on Aug 23, 2020.
             Slain by a steam dragon (3 damage)
             ... on level 7 of the Dungeon.
             The game lasted 00:18:24 (8413 turns).

funkygono the Destroyer (Deep Elf Conjurer)         Turns: 8413, Time: 00:18:26

Health: -1/47      AC:  6    Str:  5    XL:     9   Next: 12%
Magic:  20/32      EV: 13    Int: 24    God:
Gold:   597        SH:  0    Dex: 15    Spells: 15/25 levels left

rFire    . . .     SeeInvis .   k - +1 dagger
rCold    . . .     Gourm    .   (no shield)
rNeg     . . .     Faith    .   a - +1 robe
rPois    .         Spirit   .   t - +2 helmet
rElec    .         Reflect  .   (no cloak)
rCorr    .         Harm     .   (no gloves)
MR       .....                  (no boots)
Stlth    +++.......             j - amulet of the acrobat
HPRegen  0.15/turn              p - ring of wizardry
MPRegen  0.23/turn              o - ring of magical power

@: studying Evocations
A: no striking features
a: no special abilities


You were on level 7 of the Dungeon.
You were not hungry.

You visited 2 branches of the dungeon, and saw 8 of its levels.
You also visited: Ossuary.

You collected 597 gold pieces.

Inventory:

Hand Weapons
 k - a +1 dagger (weapon)
Missiles
 i - 190 stones (quivered)
Armour
 a - a +1 robe (worn)
 t - a +2 helmet (worn)
Jewellery
 b - an uncursed ring of see invisible
 j - an amulet of the acrobat (around neck)
 o - a ring of magical power (right hand)
 p - a ring of wizardry (left hand)
Wands
 A - a wand of random effects (21)
Scrolls
 f - 4 scrolls of teleportation
 g - 4 scrolls of remove curse
 r - 2 scrolls of magic mapping
 z - a scroll of amnesia
Potions
 d - 7 potions of curing
 e - a potion of invisibility
 l - 3 potions of might
 m - 3 potions of flight
 n - a potion of haste
 s - 2 potions of stabbing
 u - a potion of cancellation
 v - a potion of ambrosia {unknown}
Books
 y - a manual of Evocations
Comestibles
 c - 10 rations


   Skills:
 + Level 1.1 Fighting
 + Level 3.2 Dodging
 + Level 4.3 Stealth
 + Level 8.9 Spellcasting
 + Level 10.0 Conjurations
 + Level 3.8 Hexes
 + Level 3.7 Translocations


You had 15 spell levels left.
You knew the following spells:

 Your Spells              Type           Power        Failure   Level  Hunger
a - Magic Dart            Conj           ####         1%          1    None
b - Searing Ray           Conj           ######       1%          2    None
c - Dazzling Flash        Conj/Hex       #####.       1%          3    None
d - Iskenderun's Mystic   Conj/Tloc      #####...     1%          4    ##.....

Your spell library contained the following spells:

 Spells                   Type           Power        Failure   Level  Hunger
 Apportation              Tloc           ####..       1%          1    None
 Corona                   Hex            ####...      1%          1    None
 Ensorcelled Hibernation  Hex/Ice        ###...       1%          2    None
 Confusing Touch          Hex            ####....     1%          3    None
 Gell's Gravitas          Tloc           ####......   1%          3    None
 Tukima's Dance           Hex            ####....     1%          3    None
 Fulminant Prism          Conj/Hex       #####.....   1%          4    ##.....
 Animate Skeleton         Necr           N/A          2%          1    None
 Summon Small Mammal      Summ           ##..         2%          1    None
 Petrify                  Tmut/Erth      ##......     24%         4    ##.....
 Metabolic Englaciation   Hex/Ice        ###.......   28%         5    ####...
 Yara's Violent Unravell  Hex/Tmut       ###.......   28%         5    ####...


Dungeon Overview and Level Annotations

Branches:
Dungeon (7/15)             Temple (1/1) D:5         Ossuary (visited)

Altars:
Ashenzari
Cheibriados
Dithmenos
Elyvilon
Fedhas
Gozag
Hepliaklqana
Kikubaaqudgha
Makhleb
Nemelex Xobeh
Okawaru
Qazlal
Trog
Uskayaw
Wu Jian
Yredelemnul
The Shining One

Shops:
D:6 =


Message History

* * * LOW HITPOINT WARNING * * *
Something shocks you.
* * * LOW HITPOINT WARNING * * *
The steam dragon barely misses you. The steam dragon misses you.
You feel much better. The centaur hits you!
* * * LOW HITPOINT WARNING * * *
The centaur hits you.
* * * LOW HITPOINT WARNING * * *
The shadow imp barely misses you.
The orc throws a silver boomerang.
The silver boomerang barely misses you.
The weapon returns to the orc!
Something hits you but does no damage. The steam dragon bites you.
* * * LOW HITPOINT WARNING * * *
The steam dragon misses you. The centaur hits you.
* * * LOW HITPOINT WARNING * * *
The shadow imp sputters.
The shadow imp gestures at you. You resist with significant effort.
Something hits you but does no damage. The steam dragon misses you.
The steam dragon claws you.
You die...

.............
.....$.....# .
#..........#
..#§...(.....#
..(o§..(.....#
..#.........)#
.......(..$..#
.......@c....#
.##...5(D....#
#.....!.....#
............#.#
.##.........# #
#..........#
#.........(.
#...........>


You could see a steam dragon, a centaur, a shadow imp and an orc.

Vanquished Creatures
  The ghost of funkygono the Conjurer, an amateur DrCj (D:3)
  A water moccasin (D:5)
  An orc warrior (D:6)
  A black bear (D:6)
  An ogre (D:4)
  2 ice beasts
  3 phantoms
  2 centaurs
  2 bullfrogs
  A wyvern skeleton (D:6)
  A scorpion (D:5)
  A howler monkey (D:6)
  A crimson imp (D:5)
  3 hounds
  2 orc priests (D:6)
  3 jellies
  2 iguanas
  4 worker ants
  3 orc wizards
  9 mummies
  Robin (D:3)
  6 adders
  4 gnolls (D:4)
  An ooze (D:1)
  An adder zombie (D:1)
  3 worms
  3 dart slugs (D:1)
  3 leopard geckos
  13 orcs
  4 giant cockroaches
  A gnoll zombie (Ossuary)
  9 goblins
  9 hobgoblins
  3 jackals (D:4)
  8 kobolds
  5 quokkas
  2 ball pythons (D:2)
  9 bats
  3 frilled lizards (D:1)
  2 giant cockroach zombies
  3 hobgoblin zombies (Ossuary)
  A jackal skeleton (D:4)
  4 kobold zombies (Ossuary)
  A leopard gecko zombie (D:5)
  A quokka skeleton (D:6)
  6 rats
150 creatures vanquished.

Notes
Turn   | Place    | Note
-------+----------+-------------------------------------------
     0 | D:1      | funkygono the Deep Elf Conjurer began the quest for the
                  | Orb.
     0 | D:1      | Reached XP level 1. HP: 10/10 MP: 6/6
   151 | D:1      | Reached XP level 2. HP: 15/15 MP: 4/8
   163 | D:1      | Learned a level 2 spell: Searing Ray
   334 | D:1      | Reached skill level 5 in Conjurations
   832 | D:1      | Reached XP level 3. HP: 19/19 MP: 2/9
  1215 | D:1      | Learned a level 3 spell: Dazzling Flash
  1259 | D:2      | Found a glowing golden altar of the Shining One.
  1389 | D:2      | Found an iron altar of Okawaru.
  1870 | D:2      | Reached skill level 1 in Hexes
  1971 | D:2      | Found an ancient bone altar of Kikubaaqudgha.
  2386 | D:3      | Reached XP level 4. HP: 24/24 MP: 11/11
  2447 | D:3      | Noticed a centaur
  2453 | D:3      | Killed a centaur
  2453 | D:3      | Reached skill level 6 in Conjurations
  2453 | D:3      | Reached XP level 5. HP: 17/28 MP: 12/12
  2784 | D:3      | Found a runed translucent door.
  2786 | D:3      | Noticed funkygono's ghost (amateur DrCj)
  3066 | D:3      | Noticed Robin
  3087 | D:3      | Killed Robin
  3514 | D:3      | Reached XP level 6. HP: 28/32 MP: 15/15
  3527 | D:3      | Killed funkygono's ghost
  3527 | D:3      | Reached skill level 5 in Spellcasting
  3527 | D:3      | Reached skill level 7 in Conjurations
  3738 | D:3      | Learned a level 4 spell: Iskenderun's Mystic Blast
  4284 | D:4      | Reached XP level 7. HP: 23/37 MP: 9/17
  4401 | D:4      | Reached skill level 1 in Translocations
  4540 | D:4      | Reached skill level 8 in Conjurations
  4629 | D:4      | Found a stormy altar of Qazlal.
  5283 | D:5      | Entered Level 5 of the Dungeon
  5316 | D:5      | Found a sand-covered staircase.
  5335 | Ossuary  | Entered an ossuary
  5363 | Ossuary  | Reached XP level 8. HP: 42/42 MP: 8/19
  6491 | D:5      | Found a shattered altar of Ashenzari.
  6501 | D:5      | Found a staircase to the Ecumenical Temple.
  6522 | D:5      | Reached skill level 9 in Conjurations
  7067 | Temple   | Entered the Ecumenical Temple
  7255 | D:5      | Identified a scroll of acquirement
  7255 | D:5      | Acquired a book of Maledictions
  7415 | D:6      | Found Foatz's Jewellery Boutique.
  7449 | D:6      | Reached skill level 1 in Fighting
  7606 | D:6      | Reached XP level 9. HP: 21/47 MP: 23/23
  7779 | D:6      | Found an opulent altar of Gozag.
  8161 | D:6      | Found a blossoming altar of Fedhas.
  8289 | D:6      | Reached skill level 10 in Conjurations
  8411 | D:7      | HP: 2/47 [something (5)]
  8413 | D:7      | Slain by a steam dragon

Illustrated notes

Levels and vault maps discovered:
D:1:      saegor_arrival_fortress, layout_basic, st_stairs_1, minmay_quantized
D:2:      layout_loops_corners, lemuel_coloured_pillars_altar,
          kennysheep_okawaru_gauntlet, lemuel_tele_altar
D:3:      layout_rooms, serial_forest, infiniplex_forest_pool,
          infiniplex_forest_split, infiniplex_forest_lined_room_2,
          infiniplex_forest_lined_4_way, infiniplex_forest_lined_3,
          infiniplex_forest_clump_diagonal, infiniplex_forest_zigzag_2,
          ebering_ghost_sewer_d, chequers_serial_rivers_small_b,
          minmay_fountain_box, kennysheep_generic_room_15, uniq_robin
D:4:      layout_cave_pods, first_ration, grunt_qazlal_clouds
D:5:      layout_gridville, minmay_temple_entry_drinking_statues,
          gup_ossuary_entry_pyramid, basic_altar, minmay_manual_mess
D:6:      layout_cave_pools, fedhas_altar_fruit_tree, serial_rivers,
          chequers_serial_rivers_room_a, chequers_serial_rivers_marsh,
          chequers_serial_rivers_micro_b, chequers_serial_rivers_marsh,
          chequers_serial_rivers_micro_e, chequers_serial_rivers_micro_c,
          minmay_shop_enchanted_jewellery, nrook_campfire,
          nicolae_gozag_seed_capital
D:7:      layout_rooms, kennysheep_mini, overflow_temple_1_default
Temple:   nicolae_temple_figure_eight

Skill      XL: |  1  2  3  4  5  6  7  8  9 |
---------------+----------------------------+-----
Conjurations   | 5 6 7 8 9 10 | 10.0
Hexes          | 1 2 3 |  3.8
Spellcasting   | 4 5 6 8 |  8.9
Stealth        | 3 4 |  4.3
Dodging        | 3 |  3.2
Translocations | 1 3 |  3.7
Fighting       | 1 |  1.1

Action                   |  1- 3 |  4- 6 |  7- 9 || total
-------------------------+-------+-------+-------++-------
Melee: Dagger            |       |       |     1 ||     1
 Cast: Magic Dart        |    76 |   103 |   223 ||   402
       Searing Ray       |     1 |    11 |    24 ||    36
       Dazzling Flash    |       |     1 |     1 ||     2
       Iskenderun's Myst |       |       |     3 ||     3
  Use: Scroll            |     7 |     4 |    13 ||    24
       Potion            |       |     1 |     1 ||     2
  Eat: Chunk             |     4 |     6 |     4 ||    14
       Ration            |       |       |     3 ||     3
Armor: Robe              |       |     2 |    10 ||    12
Dodge: Dodged            |     6 |    17 |    79 ||   102
